 Dungeon Crawl Stone Soup version 0.30.0-19-g36f170ea60 (webtiles) character file.

Game seed: 7352747455336802355

3719 Brutalitops the Insei (level 10, -10/71 HPs)
             Began as a Formicid Transmuter on May 26, 2023.
             Was a Believer of Dithmenos.
             Killed from afar by an electric eel (15 damage)
             ... with a bolt of electricity
             ... in a bailey on May 27, 2023.
             The game lasted 00:33:12 (6359 turns).

Brutalitops the Insei (Formicid Transmuter)         Turns: 6359, Time: 00:33:13

Health: -10/71     AC:  6    Str: 14    XL:     10   Next: 36%
Magic:  18/18      EV: 19    Int: 18    God:    Dithmenos [**....]
Gold:   391        SH:  0    Dex: 14    Spells: 8/19 levels left

rFire   + + .        l - +8 quarterstaff of Yczuiq {venom, rF+ rCorr}
rCold   + . .        (no shield)
rNeg    . . .        s - +2 robe {rC+ rF+}
rPois   .            (helmet unavailable)
rElec   .            p - +0 cloak
rCorr   +            q - +0 pair of gloves
SInv    +            (no boots)
Will    +....        (no amulet)
Stlth   +++          h - +5 ring of evasion
HPRegen 0.31/turn    c - ring of wizardry
MPRegen 0.16/turn

%: wizardry (x1)
@: wreathed by umbra
A: permanent stasis, dig shafts and tunnels, antennae 3, four strong arms
a: Dig, Renounce Religion, Shadow Step


You were in a bailey.
You worshipped Dithmenos.
Dithmenos was pleased with you.
You visited 2 branches of the dungeon, and saw 8 of its levels.
You also visited: Bailey.

You collected 391 gold pieces.

Inventory:

Hand Weapons
 a - a +8 short sword
 l - the +8 quarterstaff of Yczuiq (weapon) {venom, rF+ rCorr}
   (You found it on level 6 of the Dungeon)

   rF:        It protects you from fire.
   rCorr:     It protects you from acid and corrosion.
 o - a +3 whip of electrocution
Armour
 p - a +0 cloak (worn)
 q - a +0 pair of gloves (worn)
 s - a +2 robe of resistance (worn)
Magical Staves
 g - a staff of cold
 t - a staff of fire
Jewellery
 c - a ring of wizardry (right hand)
 f - a ring of fire
 h - a +5 ring of evasion (left hand)
 v - a ring of resist corrosion
Wands
 d - a wand of charming (6)
 n - a wand of iceblast (8)
 u - a wand of light (11)
Scrolls
 j - a scroll of fog
Potions
 b - a potion of lignification
 e - a potion of heal wounds
 i - a potion of mutation
 k - a potion of resistance
 m - a potion of invisibility
 r - 2 potions of curing
 w - a potion of might {unknown}


   Skills:
 + Level 3.8 Fighting
 + Level 5.6 Staves
 + Level 5.8 Dodging
 + Level 4.1 Stealth
 + Level 7.4 Unarmed Combat
 + Level 5.4 Spellcasting
 + Level 5.9 Transmutations
 + Level 4.5 Poison Magic


You had 8 spell levels left.
You knew the following spells:

 Your Spells              Type           Power      Damage    Failure   Level
a - Beastly Appendage     Tmut           52%        N/A       1%          1
b - Wereblood             Tmut           26%        N/A       1%          2
c - Spider Form           Tmut/Pois      23%        N/A       1%          3
d - Blade Hands           Tmut           13%        N/A       12%         5

Your spell library contained the following spells:

 Spells                   Type           Power      Damage    Failure   Level
 Kiss of Death            Conj/Necr      16%        2d6       5%          1
 Necrotise                Necr           16%        1d4       5%          1
 Shock                    Conj/Air       16%        1d4       5%          1
 Call Canine Familiar     Summ           4%         N/A       16%         3
 Confusing Touch          Hex            4%         N/A       16%         3
 Inner Flame              Hex/Fire       4%         N/A       16%         3
 Portal Projectile        Hex/Tloc       8%         N/A       16%         3
 Tukima's Dance           Hex            4%         N/A       16%         3
 Vampiric Draining        Necr           4%         2d6       16%         3
 Ice Form                 Ice/Tmut       15%        N/A       16%         4
 Alistair's Intoxication  Tmut/Pois      15%        N/A       16%         5
 Yara's Violent Unravell  Hex/Tmut       7%         3d5       38%         5
 Airstrike                Air            2%         2d(1-17)  43%         4
 Dispel Undead            Necr           4%         3d7       43%         4
 Leda's Liquefaction      Hex/Erth       2%         N/A       43%         4
 Eringya's Noxious Bog    Tmut/Pois      11%        N/A       63%         6
 Agony                    Necr           4%         N/A       77%         5
 Borgnjor's Vile Clutch   Necr/Erth      2%         N/A       77%         5
 Enfeeble                 Hex            2%         N/A       100%        7
 Swiftness                Air            Unusable   N/A       N/A         3

Dungeon Overview and Level Annotations

Branches:
Dungeon (7/15)             Temple (1/1) D:4          Bailey (1/1)

Altars:
Ashenzari
Dithmenos
Gozag
Makhleb
Vehumet
Xom
Zin

Shops:
D:3 *   D:7 *

Annotations:
D:4 2 runed translucent doors
D:7 Maggie


Innate Abilities, Weirdness & Mutations

You cannot be hasted, slowed, berserked, paralysed or teleported.
You can dig through walls and to a lower floor.
You have a pair of large antennae on your head. (SInv)
Your four strong arms can wield two-handed weapons with a shield.


Message History

You finish memorising.
Spell assigned to 'd'.
There is an open door here.
Casting: Spider Form (safe; 1% risk of failure)
Confirm with . or Enter, or press ? or * to list all spells.
Okay, then.
There is an open door, spattered with blood here.
There is an open door, spattered with blood here.
Things that are here:
a +0 war axe; a +0 scale mail
There is an open door here.
An electric eel comes into view.
An electric eel comes into view.
You closely miss the electric eel.
The electric eel shoots out a bolt of lightning at you!
The bolt of electricity hits you!
A hobgoblin comes into view. It is wielding a +0 hand axe.
You completely miss the electric eel.
The electric eel shoots out a bolt of lightning at you!
The bolt of electricity hits you!
The hobgoblin shouts!
You thump the electric eel!
The electric eel is poisoned.
The electric eel is heavily wounded.
You hear a shout!
The electric eel shoots out a bolt of lightning at you!
The bolt of electricity hits the electric eel.
The electric eel completely resists.
The bolt of electricity hits you! x2
* * * LOW HITPOINT WARNING * * *
You sock the electric eel!
You kill the electric eel!
Dithmenos accepts your kill.
You hear a splash.
The electric eel shoots out a bolt of lightning at you!
The bolt of electricity hits you!
* * * LOW HITPOINT WARNING * * *
The electric eel shoots out a bolt of lightning at you!
The bolt of electricity hits you!
* * * LOW HITPOINT WARNING * * *
The electric eel shoots out a bolt of lightning at you!
The bolt of electricity hits you!
You die...

≈≈≈≈≈≈≈≈≈≈≈≈≈≈≈≈≈≈≈
≈≈≈≈≈≈≈≈≈≈≈≈≈≈≈≈≈≈≈
≈≈≈≈≈≈≈≈≈≈≈≈≈≈≈≈≈≈≈
≈≈≈≈≈≈≈≈≈≈≈≈≈≈≈≈≈≈≈
≈≈≈≈≈≈≈≈≈≈≈≈≈≈≈≈≈≈
≈≈≈≈≈≈≈≈≈≈S≈≈≈≈≈≈ #≈≈≈
######~~~~~~†~~~~~~ #≈≈≈≈
#.#..'@.....g......
#≈≈≈≈≈#'#.)##############
#≈≈≈≈≈#....'.....# {
#≈≈≈≈≈#....#.....+ {
#≈≈≈≈≈#.########## #
#≈≈≈≈≈~.#[[+ #
#≈≈≈≈≈))#[[# #
#≈≈≈≈≈~.#..# ####++#
#≈≈≈≈≈~.####### { #.....#


You could see an electric eel and a hobgoblin.

Vanquished Creatures
  An orc knight (Bailey)
  A kobold demonologist (Bailey)
  A wyvern (D:5)
  A sky beast (D:6)
  9 orc warriors
  An ogre (D:5)
  A centaur (D:5)
  A phantom (D:6)
  A kobold brigand (D:6)
  4 scorpions
  A bullfrog (D:6)
  8 wights
  2 electric eels (Bailey)
  A crimson imp (D:5)
  A jelly (D:7)
  2 gnoll boudas
  3 hounds
  An orc priest (D:7)
  3 iguanas (D:5)
  Natasha (thrice) (D:3)
  4 orc wizards (D:6)
  15 gnolls
  12 adders
  An ufetubus (D:5)
  A worm (D:2)
  6 dart slugs
  12 orcs
  6 endoplasms
  6 hobgoblins
  6 jackals
  A quokka (D:3)
  13 ball pythons
  6 bats
  A frilled lizard (D:1)
  16 goblins
  11 kobolds
  6 rats
169 creatures vanquished.

Notes
Turn   | Place    | Note
-------+----------+-------------------------------------------
     0 | D:1      | Brutalitops the Formicid Transmuter began the quest for the
                  | Orb.
     0 | D:1      | Reached XP level 1. HP: 15/15 MP: 3/3
   155 | D:1      | Reached XP level 2. HP: 6/21 MP: 3/5
   160 | D:1      | Learned a level 2 spell: Wereblood
   569 | D:1      | Reached XP level 3. HP: 26/26 MP: 2/6
   611 | D:1      | Learned a level 3 spell: Spider Form
   974 | D:2      | Reached XP level 4. HP: 30/32 MP: 3/7
   984 | D:2      | HP: 1/32 [rat (3)]
  1207 | D:2      | You fall into a shaft and drop 1 floor!
  1552 | D:3      | Reached XP level 5. HP: 25/37 MP: 4/9
  1698 | D:3      | Noticed Natasha
  1701 | D:3      | Killed Natasha
  1756 | D:3      | Noticed Natasha
  1769 | D:3      | Killed Natasha
  1807 | D:3      | Noticed Natasha
  1815 | D:3      | Killed Natasha
  2009 | D:3      | Found Caedudet's General Store.
  2369 | D:2      | Reached skill level 1 in Stealth
  2369 | D:2      | Reached XP level 6. HP: 22/43 MP: 7/11
  2578 | D:4      | Reached skill level 4 in Unarmed Combat
  2673 | D:4      | Found a broken altar of Ashenzari.
  2897 | D:4      | Found a large runed translucent door.
  2897 | D:4      | Found a large runed translucent door.
  2936 | D:4      | Reached skill level 1 in Poison Magic
  3099 | D:4      | Found a staircase to the Ecumenical Temple.
  3107 | Temple   | Entered the Ecumenical Temple
  3128 | Temple   | Became a worshipper of Dithmenos the Shadowed
  3359 | D:5      | Entered Level 5 of the Dungeon
  3367 | D:5      | Reached XP level 7. HP: 48/48 MP: 6/12
  3613 | D:5      | Reached skill level 5 in Transmutations
  3801 | D:5      | Reached skill level 5 in Unarmed Combat
  3801 | D:5      | Reached XP level 8. HP: 56/56 MP: 11/14
  3859 | D:5      | Found a glowing silver altar of Zin.
  3963 | D:5      | Found a burning altar of Makhleb.
  3967 | D:5      | Found a shimmering altar of Xom.
  4231 | D:6      | Noticed a wyvern
  4249 | D:5      | Killed a wyvern
  4379 | D:6      | Reached skill level 6 in Unarmed Combat
  4535 | D:6      | Reached XP level 9. HP: 42/61 MP: 13/16
  4618 | D:6      | Reached skill level 5 in Spellcasting
  4692 | D:6      | Reached * piety under Dithmenos
  4799 | D:6      | Reached skill level 7 in Unarmed Combat
  5003 | D:6      | Found a radiant altar of Vehumet.
  5155 | D:6      | Found an opulent altar of Gozag.
  5398 | D:6      | Identified the +8 quarterstaff of Yczuiq {venom, rF+ rCorr}
  5593 | D:7      | Found Opueghe's Assorted Antiques.
  5617 | D:7      | Reached skill level 1 in Staves
  5758 | D:7      | Reached ** piety under Dithmenos
  5775 | D:7      | Found a flagged portal.
  5782 | D:7      | Noticed Maggie
  5862 | Bailey   | Entered a bailey
  5933 | Bailey   | Reached skill level 5 in Dodging
  5953 | Bailey   | Reached XP level 10. HP: 34/69 MP: 18/18
  6083 | Bailey   | Noticed a kobold demonologist
  6091 | Bailey   | Noticed a rust devil
  6095 | Bailey   | Killed a kobold demonologist
  6154 | Bailey   | Noticed an orc knight
  6175 | Bailey   | Killed an orc knight
  6176 | Bailey   | Reached skill level 5 in Staves
  6328 | Bailey   | Acquired a book of Weapons
  6336 | Bailey   | Learned a level 5 spell: Blade Hands
  6359 | Bailey   | Killed from afar by an electric eel

Illustrated notes

Levels and vault maps discovered:
D:1:      erik_arrival_triangle_medium, layout_basic,
          chequers_serial_rivers_small_a, minmay_close_crescents
D:2:      layout_basic, kennysheep_cross_room, eino_curves_02,
          minmay_misc_feat_square, hex_tiny, minmay_tiny_reverse_x
D:3:      layout_loops_ring, serial_shops, nicolae_shop_real_fake_doors,
          glass_columns_a, uniq_natasha
D:4:      layout_gridville, lemuel_round_altar, jmf_multi_god_temple2,
          minmay_temple_entry_slanted, dreamdust_princess_corridor
D:5:      layout_rooms, grunt_temple_overflow_champion_of_chaos, kennysheep_mini
D:6:      layout_basic, vehumet_crystals,
          nicolae_gozag_cash_rules_everything_around_me
D:7:      layout_basic, enter_bailey_8, serial_shops, nicolae_square_shop,
          uniq_maggie
Temple:   nicolae_temple_figure_eight
Bailey:   bailey_axe_of_yendor_kennysheep, bailey

Skill      XL: |  1  2  3  4  5  6  7  8  9 10 |
---------------+-------------------------------+-----
Transmutations | 3 4 5 |  5.9
Dodging        | 2 3 4 5 |  5.8
Spellcasting   | 3 4 5 |  5.4
Stealth        | 1 2 3 4 |  4.1
Unarmed Combat | 4 5 6 7 |  7.4
Poison Magic   | 1 2 4 |  4.5
Fighting       | 2 3 |  3.8
Staves         | 3 5 |  5.6

Action                     |  1- 3 |  4- 6 |  7- 9 | 10-12 || total
---------------------------+-------+-------+-------+-------++-------
  Melee: Unarmed           |    83 |   118 |   181 |       ||   382
         Kick              |    11 |     4 |       |       ||    15
         Punch             |     1 |       |     1 |     1 ||     3
         Quarterstaff      |       |       |    66 |    41 ||   107
   Cast: Beastly Appendage |    19 |     8 |       |       ||    27
         Wereblood         |     7 |     3 |    11 |       ||    21
         Spider Form       |       |    17 |    22 |       ||    39
    Use: Scroll            |     3 |     2 |     9 |     1 ||    15
         Potion            |       |     2 |       |     1 ||     3
   Stab: Sleeping          |       |     2 |     3 |       ||     5
 Armour: Robe              |    21 |     7 |    10 |       ||    38
         Skin              |       |       |     4 |       ||     4
  Dodge: Dodged            |    55 |    82 |   280 |    25 ||   442
